 Dungeon Crawl Stone Soup version 0.22-a0-455-ga0624bf (webtiles) character file.

67 wazuzu the Digger (level 3, 0/26 HPs)
             Began as a Demigod Earth Elementalist on June 5, 2018.
             Slain by a gnoll (7 damage)
             ... on level 2 of the Dungeon.
             The game lasted 00:02:18 (1273 turns).

wazuzu the Digger (Demigod Earth Elementalist)      Turns: 1273, Time: 00:02:19

Health: 0/26       AC:  3    Str: 11    XL:     3   Next: 72%
Magic:  0/10       EV: 12    Int: 21    God:
Gold:   143        SH:  0    Dex: 16    Spells: 6/7 levels left

rFire    . . .     SeeInvis .   a - +0 spear
rCold    + . .     Gourm    .   (no shield)
rNeg     . . .     Faith    .   e - +0 leather armour {rC+}
rPois    .         Spirit   .   (no helmet)
rElec    .         Reflect  .   (no cloak)
rCorr    .         Harm     .   (no gloves)
MR       .....                  (no boots)
Stlth    ++........             (no amulet)
HPRegen  0.08/turn              (no ring)
MPRegen  0.12/turn              (no ring)

@: very slightly contaminated
A: high mp 1
a: no special abilities


You were on level 2 of the Dungeon.
You were not hungry.

You visited 1 branch of the dungeon, and saw 2 of its levels.

You collected 143 gold pieces.

Inventory:

Hand Weapons
 a - a +0 spear (weapon)
Missiles
 b - 90 stones (quivered)
Armour
 c - a +0 robe
 e - a +0 leather armour of cold resistance (worn)
Jewellery
 h - an uncursed ring of wizardry {unknown}
Scrolls
 f - a scroll of teleportation {unknown}
 g - a scroll of enchant armour {unknown}
 i - a scroll of random uselessness {unknown}
 k - a scroll of identify {unknown}
Potions
 l - a potion of curing {unknown}
 m - 2 potions of heal wounds {unknown}
Comestibles
 d - 2 rations
 j - 2 chunks of flesh


   Skills:
 - Level 1.7 Dodging
 - Level 1.7 Stealth
 + Level 2.8 Spellcasting
   Level 0.8 Transmutations
 + Level 3.6 Earth Magic


You had 6 spell levels left.
You knew the following spells:

 Your Spells              Type           Power        Failure   Level  Hunger
a - Sandblast             Erth           ###...       4%          1    None

Your spell library contained the following spells:

 Spells                   Type           Power        Failure   Level  Hunger
 Stone Arrow              Conj/Erth      ##....       26%         3    ###....
 Passwall                 Tmut/Erth      ##......     11%         2    ##.....
 Lee's Rapid Deconstruct  Erth           ###.......   73%         5    ######.
 Petrify                  Tmut/Erth      ##......     56%         4    ####...


Dungeon Overview and Level Annotations

Branches:
Dungeon (2/15)


Innate Abilities, Weirdness & Mutations

You have an increased reservoir of magic. (+10% MP)


Message History

You kill the gnoll!
b - 92 stones
Casting: Sandblast (safe; 4% risk of failure)
Confirm with . or Enter, or press ? or * to list all spells.
Aiming: Sandblast (safe; 4% risk of failure)
Press: ? - help, Shift-Dir - straight line, f - goblin
Aim: a goblin The blast of sand hits the goblin.
You kill the goblin!
b - 91 stones
Casting: Sandblast (safe; 4% risk of failure)
Confirm with . or Enter, or press ? or * to list all spells.
Aiming: Sandblast (safe; 4% risk of failure)
Press: ? - help, Shift-Dir - straight line, f - gnoll
Aim: a gnoll The blast of sand hits the gnoll.
The gnoll is almost dead.
b - 90 stones The gnoll hits you!
You die...

#................#♣)....
......####.......#♣.....
#.### #..........#♣.....
#.#####....#♣.....
#.#.....)..##♣....
#.#.#.......#♣....
#.#...#..#..#♣....
#.###.#.....##♣... #@#
#.#.#....#♣♣♣♣ #g# #
#....#.##### #)#
#.#......... #.#
#######..... #.#
.......#... ...
#####..#### #.# #..# #.#
#..# #..#


You could see a gnoll.

Vanquished Creatures
  2 gnolls (D:2)
  2 adders (D:2)
  3 leopard geckos (D:1)
  2 giant cockroaches
  3 goblins
  5 hobgoblins (D:1)
  A jackal (D:1)
  6 bats
  A frilled lizard (D:1)
  3 kobolds
  A leopard gecko skeleton (D:2)
  2 rats (D:1)
31 creatures vanquished.

Notes
Turn   | Place    | Note
-------+----------+-------------------------------------------
     0 | D:1      | wazuzu the Demigod Earth Elementalist began the quest for the Orb.
     0 | D:1      | Reached XP level 1. HP: 14/14 MP: 5/5
   324 | D:1      | Reached skill level 3 in Earth Magic
   586 | D:1      | Reached XP level 2. HP: 20/20 MP: 4/7
  1074 | D:2      | Reached XP level 3. HP: 24/26 MP: 3/9
  1142 | D:2      | Found a basalt altar of Yredelemnul.
  1202 | D:2      | Found a white marble altar of Elyvilon.
  1273 | D:2      | Slain by a gnoll

Vault maps used:
D:1:      dpeg_arrival_tiny_c, minmay_tall_x
D:2:      kennysheep_ying_yang, uniq_natasha

Skill      XL: |  1 |
---------------+----+-----
Spellcasting   | 2 |  2.8
Earth Magic    | 3 |  3.6
Dodging        | |  1.7
Stealth        | |  1.7
Transmutations | |  0.8

Action                   || total
-------------------------++-------
Melee: Spear             ||    45
       Unarmed           ||     2
 Cast: Sandblast         ||    30
 Stab: Sleeping          ||     1
  Eat: Chunk             ||     1
Armor: Leather armour    ||    17
       Robe              ||     1
Dodge: Dodged            ||    35

Table legend:
 A = Spawn XP
 B = Non-spawn XP
 C = Spawn XP percentage of total XP
 D = Spawn monster count
 E = Non-spawn monster count
 F = Spawn count percentage of total count
 G = Total turns spent on level
                    A         B        C        D         E        F      G
               +---------+---------+-------+---------+---------+-------+---------
         Total |       0 |      97 |   0.0 |       0 |      31 |   0.0 |  1273
               +---------+---------+-------+---------+---------+-------+---------
           D:1 |       0 |      34 |   0.0 |       0 |      20 |   0.0 |  1041
           D:2 |       0 |      63 |   0.0 |       0 |      11 |   0.0 |   232
               +---------+---------+-------+---------+---------+-------+---------
